 Dungeon Crawl Stone Soup version 0.27-a0-1186-g8b4daa1eef (webtiles) character file.

Game seed: 15935997265104794539

856 leviel the Cleaver (level 7, 0/57 HPs)
             Began as a Minotaur Fighter on May 19, 2021.
             Was an Initiate of Okawaru.
             Killed by nerve-wracking pain
             ... invoked by an orc priest
              (10 damage)
             ... on level 5 of the Dungeon.
             The game lasted 00:04:14 (4656 turns).

leviel the Cleaver (Minotaur Fighter)               Turns: 4656, Time: 00:04:14

Health: 0/57       AC:  6    Str: 23    XL:     7   Next: 70%
Magic:  6/6        EV:  5    Int:  5    God:    Okawaru [......]
Gold:   170        SH: 14    Dex:  9    Spells: 6/6 levels left

rFire    . . .     SeeInvis .   a - +0 war axe
rCold    . . .     Faith    .   m - +0 tower shield
rNeg     . . .     Spirit   .   b - +0 scale mail
rPois    .         Reflect  .   (helmet restricted)
rElec    .         Harm     .   (no cloak)
rCorr    .         Rampage  .   (no gloves)
Will     .....                  (no boots)
Stlth    ..........             (no amulet)
HPRegen  0.19/turn              (no ring)
MPRegen  0.10/turn              (no ring)

@: no status effects
A: horns 2, retaliatory headbutt
a: Renounce Religion


You were on level 5 of the Dungeon.
You worshipped Okawaru.
Okawaru was noncommittal.
You visited 2 branches of the dungeon, and saw 6 of its levels.

You collected 170 gold pieces.

Inventory:

Hand Weapons
 a - a +0 war axe (weapon)
Armour
 b - a +0 scale mail (worn)
 m - a +0 tower shield (worn)
Jewellery
 c - a ring of protection from fire
Wands
 f - a wand of polymorph (3)
 i - a wand of mindburst (11)
 j - a wand of flame (18)
Scrolls
 e - a scroll of vulnerability
 k - a scroll of blinking {unknown}
Potions
 d - a potion of cancellation
 g - a potion of curing
 h - 2 potions of brilliance


   Skills:
 - Level 3.6 Fighting
 + Level 10.6 Axes
 - Level 3.6 Armour
 - Level 3.6 Shields


You had 6 spell levels left.
You didn't know any spells.
Your spell library contained the following spells:

 Spells                   Type           Power      Damage    Failure   Level
 Gell's Gravitas          Tloc           0%         N/A       100%        3
 Portal Projectile        Hex/Tloc       0%         N/A       100%        3
 Passage of Golubria      Tloc           N/A        N/A       100%        4
 Manifold Assault         Tloc           0%         N/A       100%        5
 Dispersal                Tloc           0%         N/A       100%        6
 Disjunction              Tloc           0%         N/A       100%        8


Dungeon Overview and Level Annotations

Branches:
Dungeon (5/15)             Temple (1/1) D:4

Altars:
Ashenzari
Cheibriados
Dithmenos
Elyvilon
Fedhas
Gozag
Hepliaklqana
Kikubaaqudgha
Nemelex Xobeh
Okawaru
Qazlal
Ru
Sif Muna
Trog
Uskayaw
Vehumet
Wu Jian
Xom
Yredelemnul
Zin
The Shining One


Innate Abilities, Weirdness & Mutations

You have a pair of horns on your head.
You reflexively headbutt those who attack you in melee.


Message History

The centaur kicks you but does no damage.
The howler monkey skeleton hits you.
You slash the centaur! You headbutt the centaur.
You kill the centaur!
Okawaru accepts your kill.
You hit the howler monkey skeleton. The howler monkey skeleton hits you.
You are too injured to fight recklessly!
You are too injured to fight recklessly!
Unknown command.
You slash the howler monkey skeleton!
You destroy the howler monkey skeleton!
Okawaru accepts your kill.
Found 15 stones.
You start resting.
An orc priest comes into view. It is wielding a +0 short sword.
An orc priest is nearby!
An orc priest is nearby!
The orc priest shouts!
A hound comes into view.
An orc wizard comes into view. It is wielding a +0 dagger.
The orc wizard shouts!
The hound barks!
You hear a shout!
Things that are here:
a +0 shortbow; 24 arrows; a centaur corpse You barely miss the orc priest.
An orc comes into view. It is wielding a +0 mace.
The orc priest mumbles some strange prayers to Beogh against you.
Beogh smites you! The hound barely misses you.
The orc shouts!
You are too injured to fight recklessly!
You are too injured to fight recklessly!
You are too injured to fight recklessly!
You completely miss the orc priest. You slash the hound! The hound bites you.
The orc priest invokes the aid of Beogh against you.
Pain shoots through your body!
* * * LOW HITPOINT WARNING * * *
The hound bites you but does no damage.
An orc comes into view. It is wielding a +0 dagger.
The orc priest mumbles some strange prayers to Beogh against you.
Pain shoots through your body!
You die...

**,,,,,,,,,,**,,,,,,,.........,*
*#..,,,,,...,.o...,**..........,
##...#**.....,.o..##**,,,,,,,,,,,
......#,,.....#....####.,,,,,,,,,
......#.....,.#.........,,,,,,,*,
........##..,,.........#*,,,,,,*,
...#*##....#**#........#*,,,*,*,,
.#.*##...>.####ooh..##.#**,,,,**,
.####...##......@......##*,,,,**,
..##............)........,,,,,,,,
...##....................,,,,,,,,
#.###.>..................,,,,*,,,
......##.................,,,,***,
.#.#..##.....#...........,,,,,**,
.###........##...........,,,,,,,,
)# ##.................#..,,,,,,,,
####.#....##.#.#.....##*.,,,,,,,,


You could see a hound, an orc priest, an orc wizard and 2 orcs.

Vanquished Creatures
  Sigmund (D:5)
  Edmund (D:4)
  An ogre (D:3)
  A centaur (D:5)
  A bullfrog zombie (D:5)
  An orc priest (D:4)
  A hound (D:4)
  A jelly (D:4)
  A centaur skeleton (D:5)
  Jessica (D:3)
  An orc wizard (D:4)
  Ijyb (D:5)
  2 iguanas (D:4)
  5 adders
  A gnoll (D:1)
  A howler monkey skeleton (D:5)
  A shadow imp (D:5)
  A white imp (D:5)
  2 worms (D:2)
  2 orcs
  5 ball pythons
  3 bats
  3 endoplasms
  3 giant cockroaches
  7 goblins
  7 hobgoblins
  6 kobolds
  4 quokkas
  3 frilled lizards (D:2)
  4 rats
72 creatures vanquished.

Notes
Turn   | Place    | Note
-------+----------+-------------------------------------------
     0 | D:1      | leviel the Minotaur Fighter began the quest for the Orb.
     0 | D:1      | Reached XP level 1. HP: 19/19 MP: 0/0
    73 | D:1      | Reached skill level 3 in Axes
    73 | D:1      | Reached XP level 2. HP: 15/26 MP: 1/1
   650 | D:1      | Found a faded altar of an unknown god.
   662 | D:1      | Reached skill level 4 in Axes
  1025 | D:1      | Reached XP level 3. HP: 27/31 MP: 2/2
  1374 | D:2      | Reached skill level 5 in Axes
  1667 | D:2      | Reached XP level 4. HP: 29/39 MP: 3/3
  2492 | D:3      | Noticed an ogre
  2497 | D:3      | Killed an ogre
  2498 | D:3      | Reached skill level 6 in Axes
  2498 | D:3      | Reached XP level 5. HP: 23/45 MP: 4/4
  2836 | D:3      | Noticed Jessica
  2840 | D:3      | Killed Jessica
  2841 | D:3      | Reached skill level 7 in Axes
  3220 | D:4      | Reached XP level 6. HP: 38/51 MP: 5/5
  3344 | D:4      | Noticed Edmund
  3358 | D:4      | Killed Edmund
  3359 | D:4      | Reached skill level 8 in Axes
  3905 | D:4      | Found a staircase to the Ecumenical Temple.
  3917 | D:4      | Reached skill level 9 in Axes
  3927 | Temple   | Entered the Ecumenical Temple
  4062 | Temple   | Became a worshipper of Warmaster Okawaru
  4188 | D:5      | Entered Level 5 of the Dungeon
  4201 | D:5      | Reached XP level 7. HP: 31/57 MP: 6/6
  4338 | D:5      | Noticed Sigmund
  4398 | D:5      | Killed Sigmund
  4399 | D:5      | Reached skill level 10 in Axes
  4496 | D:5      | Noticed Ijyb
  4508 | D:5      | Killed Ijyb
  4656 | D:5      | Killed from afar by an orc priest

Illustrated notes

Levels and vault maps discovered:
D:1:      minmay_arrival_up_and_down, layout_loops_corners,
          shapermc_ecumenical_altar_starsandcircs
D:2:      layout_rooms, serial_bayou_lagoon_b
D:3:      layout_basic, minivault_24, uniq_jessica
D:4:      layout_rooms, minmay_temple_entry_nine_rooms, uniq_edmund
D:5:      layout_cave_pools, minivault_27, uniq_ijyb, uniq_sigmund
Temple:   regret_index_temple_sigil_plot

Skill      XL: |  1  2  3  4  5  6  7 |
---------------+----------------------+-----
Axes           | 3 4 5 6 7 9 10 | 10.6
Fighting       | |  3.6
Armour         | |  3.6
Shields        | |  3.6

Action                   |  1- 3 |  4- 6 |  7- 9 || total
-------------------------+-------+-------+-------++-------
Melee: War axe           |    88 |   100 |    28 ||   216
       Headbutt          |     9 |    16 |     4 ||    29
  Use: Potion            |     1 |     1 |     1 ||     3
       Scroll            |       |       |     8 ||     8
Armor: Scale mail        |    41 |    29 |    14 ||    84
       Skin              |       |       |     5 ||     5
Dodge: Dodged            |    16 |    19 |     6 ||    41
Block: Kite shield       |    31 |       |       ||    31
       Tower shield      |     8 |    90 |    18 ||   116

Table legend: (Time is in decaauts)
 A = Elapsed time spent in this place.
 B = Non-inter-level travel time spent in this place.
 C = Inter-level travel time spent in this place.
 D = Time resting spent in this place.
 E = Time spent auto-exploring this place.
 F = Levels seen in this place.
 G = Mean time per level.
                   A        B        C        D        E       F      G
               +--------+--------+--------+--------+--------+-----+--------+
         Total |   4780 |   4650 |    130 |    491 |   3526 |   6 |  796.7 |
       Dungeon |   4620 |   4525 |     95 |    491 |   3416 |   5 |  924.0 |
        Temple |    160 |    125 |     35 |      0 |    110 |   1 |  160.0 |
               +--------+--------+--------+--------+--------+-----+--------+

Top non-repeatable levels by time:
     D:1: 1233 daAuts
     D:3: 1187 daAuts
     D:4: 1035 daAuts
     D:2: 707 daAuts
     D:5: 456 daAuts
  Temple: 160 daAuts
